 Dungeon Crawl Stone Soup version 0.18.1-48-g4cf74bf (webtiles) character file.

67 Nukefarmer the Skirmisher (level 4, 0/40 HPs)
             Began as a Hill Orc Fighter on Sept 2, 2016.
             Slain by a hobgoblin
             ... wielding a +0 club
              (6 damage)
             ... on level 3 of the Dungeon.
             The game lasted 00:15:38 (1384 turns).

Nukefarmer the Skirmisher (Hill Orc Fighter)        Turns: 1384, Time: 00:15:39

Health: 0/40       AC: 15    Str: 19    XL:     4   Next: 16%
Magic:  4/4        EV:  3    Int: 10    God:
Gold:   130        SH:  9    Dex: 10    Spells: 0 memorised, 3 levels left

rFire  . . .     SeeInvis .     n - +2 short sword (speed)
rCold  . . .     Gourm    .     e - +0 plate armour
rNeg   . . .     Faith    .     c - +0 shield
rPois  .         Spirit   .     (no helmet)
rElec  .         Dismiss  .     (no cloak)
rCorr  .         Reflect  .     g - +0 pair of gloves
SustAt .         Harm     .     r - +1 pair of boots
MR     .....                    (no amulet)
Stlth  ..........               (no ring)
                                m - +2 ring of intelligence

@: lethally poisoned (0 -> -4), not resistant to hostile enchantments, extremely
unstealthy
A: no striking features
a: no special abilities


You were on level 3 of the Dungeon.
You were not hungry.

You visited 1 branch of the dungeon, and saw 3 of its levels.

You collected 130 gold pieces.

Inventory:

Hand Weapons
 a - a +0 war axe
 n - a +2 short sword of speed (weapon)
Armour
 b - a +0 scale mail
 c - a +0 shield (worn)
 e - a +0 plate armour (worn)
 g - a +0 pair of gloves (worn)
 r - a +1 pair of boots (worn)
Jewellery
 m - a +2 ring of intelligence (left hand)
Scrolls
 j - a scroll of identify
 l - a scroll of fog {unknown}
 o - a scroll of remove curse
Potions
 d - a potion of might
 i - 2 potions of lignification
 k - 2 potions of curing
Books
 p - a book of the Tempests

   Spells                             Type                      Level
   a - Static Discharge               Conjuration/Air              3
   b - Lightning Bolt                 Conjuration/Air              5
   c - Fireball                       Conjuration/Fire             5
   d - Tornado                        Air                          9
   e - Shatter                        Earth                        9
Comestibles
 f - 2 bread rations
 h - a fruit
 t - a beef jerky
 u - a meat ration


   Skills:
 + Level 4.2 Fighting
 - Level 3.4 Axes
 + Level 3.8 Armour
 + Level 4.1 Shields


You had 3 spell levels left.
You didn't know any spells.

Dungeon Overview and Level Annotations

Branches:
Dungeon (3/15)

Altars:
Ashenzari

Annotations:
D:3 Ijyb, Robin


Message History

The hobgoblin hits you but does no damage.
The kobold hits you but does no damage.
You closely miss the adder.
The adder is heavily wounded.
The adder bites you but does no damage. You block the goblin's attack.
Ijyb barely misses you. The rat bites you but does no damage.
You block the hobgoblin's attack.
You miss the adder.
The adder is heavily wounded.
You feel sick. The adder bites you but does no damage.
The kobold hits you but does no damage.
The hobgoblin hits you but does no damage.
You block Ijyb's attack. The goblin hits you but does no damage.
The rat bites you but does no damage.
Your shield and plate armour prevent you from hitting the adder.
The adder is heavily wounded.
You block the adder's attack.
The hobgoblin hits you but does no damage.
The kobold hits you but does no damage. The hobgoblin hits you with a club.
You die...

..> ..... ....
... ...♣ ...
....... #gg#g#
# #gg#K#####..
#ggggg...[..
#gSgS.....
......#@rr.....
......gKg......
.......gg......
.(.[...........
...............
...............
...............
[.....#..%.....


You could see Ijyb, Robin, an adder, a quokka, 6 hobgoblins, 8 goblins, a ball
python, 2 kobolds and a rat.

Vanquished Creatures
  2 adders
  An ooze (D:2)
  2 worms (D:2)
  A dart slug (D:1)
  3 giant geckos (D:2)
  3 bats
  7 hobgoblins
  7 kobolds
  A ball python (D:2)
  2 giant newts
  5 goblins
  A rat (D:2)
35 creatures vanquished.

Notes
Turn   | Place    | Note
--------------------------------------------------------------
     0 | D:1      | Nukefarmer the Hill Orc Fighter began the quest for the Orb.
     0 | D:1      | Reached XP level 1. HP: 19/19 MP: 1/1
   375 | D:1      | Reached XP level 2. HP: 22/27 MP: 2/2
   807 | D:2      | Reached XP level 3. HP: 33/33 MP: 3/3
   828 | D:2      | Found a shattered altar of Ashenzari.
  1361 | D:3      | Noticed Ijyb
  1364 | D:3      | Noticed Robin
  1370 | D:3      | Reached XP level 4. HP: 21/40 MP: 4/4
  1384 | D:3      | Slain by a hobgoblin

Skill      XL: |  1  2  3 |
---------------+----------+-----
Fighting       | 4 |  4.2
Axes           | 3 |  3.4
Shields        | 4 |  4.1
Armour         | |  3.8

Action                   |  1- 3 |  4- 6 || total
-------------------------+-------+-------++-------
Melee: War axe           |    99 |       ||    99
       Short sword       |     9 |    14 ||    23
  Use: Scroll            |     3 |       ||     3
       Potion            |     3 |       ||     3
  Eat: Bread ration      |     1 |       ||     1
       Fruit             |     1 |       ||     1
Armor: Plate armour      |    83 |    42 ||   125
Dodge: Dodged            |    12 |     4 ||    16
Block: Shield            |    58 |    27 ||    85
